AoeStats
← Navaneeth_Kani

Arena

505483414Analyzed
4v4 RM · 24d ago on Sep 9, 2026· 40m 35s· 8 players
Game mode
Random Map
Map size
Large (8 player)
Population
200
Speed
Normal
Resources
Standard
Victory
Conquest
Starting age
Dark Age
Ending age
Imperial Age
RankedLock teamsTeams togetherTeam positionsShared explorationLock speedFull tech treeHidden civsTurbo modeCheats
Victory
Defeat
🇫🇷 Huns · France
1138
+15
🇺🇸 Portuguese · United States
1130
+16
🇩🇪 Poles · Germany
1060
+18
🇰🇿 Ethiopians · Kazakhstan
1037
+20
🇹🇼 Teutons · Taiwan
1150
-19
🇨🇳 Berbers · China
1129
-18
🇮🇳 Turks · India
1095
-29
🇨🇳 Bohemians · China
1094
-16
Navaneeth_Kani
11:05 Feudal Age
15:01 Castle Age
13:37 Double-Bit Axe
14:04 Horse Collar
16:47 Wheelbarrow
16:46 Bow Saw
22:29 Loom
23:23 Town Watch
29:49 Scale Barding Armor
nicebro
11:25 Feudal Age
13:34 Horse Collar
15:58 Castle Age
14:36 Double-Bit Axe
15:04 Gold Mining
15:46 Stone Mining
23:47 Bow Saw
23:40 Heavy Plow
巨炮叔叔
10:51 Feudal Age
14:52 Castle Age
13:17 Loom
13:19 Double-Bit Axe
13:17 Horse Collar
15:58 Bow Saw
23:09 Fletching
25:46 Gold Mining
26:37 Wheelbarrow
26:51 Bodkin Arrow
27:46 Hand Cart
28:33 Gold Shaft Mining
27:51 Stone Mining
28:10 Heavy Plow
29:54 Stone Shaft Mining
30:01 Padded Archer Armor
30:09 Thumb Ring
33:22 Imperial Age
32:45 Leather Archer Armor
33:35 Ballistics
33:23 Elite Genitour
34:26 Conscription
34:20 Bracer
34:51 Ring Archer Armor
35:22 Chemistry
34:16 Onager
35:35 Bloodlines
35:25 Husbandry
35:55 Siege Engineers
35:49 Murder Holes
36:08 Fortified Wall
36:12 Murder Holes
36:57 Crop Rotation
Julius Caesar
7:41 Loom
10:31 Feudal Age
15:09 Castle Age
16:00 Horse Collar
16:08 Double-Bit Axe
24:28 Heavy Plow
26:02 Wheelbarrow
25:41 Bow Saw
30:42 Imperial Age
29:12 Wagenburg Tactics
29:42 Redemption
29:55 Hand Cart
31:42 Elite Hussite Wagon
32:42 Conscription
33:37 Two-Man Saw
32:46 Elite Skirmisher
34:19 Ballistics
35:00 Chemistry
33:41 Treadmill Crane
33:28 Crossbowman
34:04 Fletching
34:15 Padded Archer Armor
34:25 Forging
34:15 Scale Mail Armor
34:21 Scale Barding Armor
34:46 Hussite Reforms
34:39 Arbalester
35:23 Pikeman
36:03 Squires
36:42 Cavalier
37:22 Husbandry
37:20 Bodkin Arrow
37:41 Leather Archer Armor
38:01 Iron Casting
37:41 Chain Mail Armor
38:43 Masonry
38:38 Siege Engineers
38:51 Chain Mail Armor
38:57 Chain Barding Armor
40:14 Man-at-Arms
tmams33
11:54 Feudal Age
15:34 Castle Age
14:00 Double-Bit Axe
14:52 Horse Collar
17:00 Bow Saw
17:41 Heavy Plow
21:23 Loom
22:26 Sanctity
22:40 Gold Mining
23:27 Town Watch
24:21 Wheelbarrow
28:34 Imperial Age
27:01 Hand Cart
26:13 Crossbowman
26:58 Thumb Ring
27:26 Ballistics
27:43 Fletching
28:15 Bodkin Arrow
28:20 Padded Archer Armor
28:25 Treadmill Crane
29:56 Hand Cart
31:04 Chemistry
30:10 Siege Engineers
30:30 Town Watch
31:33 Fortified Wall
31:55 Masonry
31:47 Bracer
33:28 Arquebus
32:53 Elite Organ Gun
34:31 Arquebus
34:57 Conscription
35:12 Town Watch
36:23 Architecture
PezMaza
10:36 Feudal Age
13:21 Loom
15:52 Castle Age
14:12 Double-Bit Axe
15:18 Town Watch
16:25 Wheelbarrow
22:22 Horse Collar
24:15 Forging
24:32 Fletching
24:43 Scale Mail Armor
28:48 Hand Cart
29:54 Chain Mail Armor
30:27 Iron Casting
29:48 Bodkin Arrow
31:44 Town Patrol
32:12 Gold Mining
32:13 Stone Mining
32:53 Padded Archer Armor
33:16 Ballistics
33:07 Fortified Wall
32:38 Treadmill Crane
32:54 Murder Holes
34:56 Leather Archer Armor
36:03 Bow Saw
39:11 Imperial Age
36:32 Pikeman
37:12 Squires
36:58 Arson
39:10 Masonry
39:09 Scale Barding Armor
39:55 Capped Ram
melkillcam
9:06 Feudal Age
9:31 Double-Bit Axe
17:08 Castle Age
15:11 Horse Collar
16:31 Loom
18:21 Scale Barding Armor
18:25 Fletching
19:57 Gold Mining
20:11 Heavy Plow
28:38 Bloodlines
29:48 Pikeman
31:02 Chain Barding Armor
32:35 Town Watch
36:14 Forging
36:08 Husbandry
36:51 Bow Saw
38:12 Wheelbarrow
38:38 Iron Casting
38:33 Marauders
38:32 Bodkin Arrow
41:19 Gold Shaft Mining
Александр
11:28 Feudal Age
12:48 Loom
15:27 Castle Age
13:14 Double-Bit Axe
13:13 Horse Collar
14:57 Wheelbarrow
16:53 Bow Saw
16:44 Heavy Plow
21:00 Gold Mining
23:37 Fletching
24:50 Padded Archer Armor
24:34 Elite Skirmisher
26:46 Thumb Ring
26:01 Crossbowman
27:29 Ballistics
27:09 Crossbowman
28:51 Leather Archer Armor
28:31 Bodkin Arrow
31:54 Imperial Age
29:51 Squires
30:04 Forging
30:56 Thumb Ring
30:54 Scale Mail Armor
31:21 Arson
30:57 Man-at-Arms
32:07 Sanctity
31:55 Arbalester
33:38 Chemistry
33:08 Bracer
33:39 Ring Archer Armor
32:55 Long Swordsman
36:36 Iron Casting
36:16 Chain Mail Armor
36:08 Siege Engineers
37:00 Two-Handed Swordsman
40:07 Blast Furnace
39:37 Plate Mail Armor
39:22 Stone Mining
40:08 Gold Shaft Mining
39:50 Hand Cart
40:18 Masonry
Connection lost

Rejoining the realm…

Still unreachable

The connection could not be restored.

Session expired

The server has moved on; the page needs a fresh start.